 Dungeon Crawl Stone Soup version 0.17.1-2-g5865329 (webtiles) character file.

2058 PossumBlood the Cleaver (level 9, -5/105 HPs)
             Began as a Minotaur Fighter on Jan 21, 2016.
             Slain by Glider's ghost (10 damage)
             ... on level 7 of the Dungeon.
             The game lasted 00:15:32 (6798 turns).

PossumBlood the Cleaver (Minotaur Fighter)          Turns: 6798, Time: 00:15:32

Health: -5/105     AC: 11    Str: 30    XL:     9   Next: 5%
Magic:  8/8        EV:  5    Int:  5    God:
Gold:   230        SH: 10    Dex:  9    Spells: 0 memorised, 8 levels left

rFire  . . .     SeeInvis .     u - +3 hand axe (chop)
rCold  . . .     Clarity  .     s - +0 plate armour
rNeg   . . .     SustAt   .     c - +0 shield
rPois  .         Gourm    .     (helmet restricted)
rElec  .         Spirit   .     (no cloak)
rCorr  .         Warding  .     (no gloves)
rMut   .         Stasis   .     (no boots)
MR     .....                    (no amulet)
Stlth  ..........               (no ring)
                                (no ring)

@: mighty, berserking, very quick, not resistant to hostile enchantments,
extremely unstealthy
A: retaliatory headbutt, horns 2
a: no special abilities


You were on level 7 of the Dungeon.
You were not hungry.

You visited 2 branches of the dungeon, and saw 8 of its levels.
You also visited: Sewer.

You collected 230 gold pieces.

Inventory:

Hand Weapons
 a - a +0 war axe
 u - a +3 hand axe of chopping (weapon)
 x - a +2 war axe of holy wrath
Missiles
 A - 7 tomahawks (quivered)
Armour
 c - a +0 shield (worn)
 s - a +0 plate armour (worn)
Jewellery
 e - an uncursed ring of teleportation
 m - an uncursed ring of protection from magic {unknown}
Wands
 l - a wand of fire (10)
Scrolls
 b - 2 scrolls of fog
 h - a scroll of remove curse
 q - a scroll of torment {unknown}
 r - a scroll of teleportation
Potions
 g - 2 potions of degeneration {unknown}
 i - a potion of cure mutation
 j - a potion of cancellation
 n - 7 potions of brilliance
 o - a potion of mutation
 p - a potion of lignification
 z - a potion of heal wounds {unknown}
 D - a potion of agility {unknown}
Comestibles
 f - 2 bread rations
 k - 3 meat rations


   Skills:
 - Level 3.6 Fighting
 * Level 13.7 Axes
 - Level 3.6 Armour
 - Level 3.6 Shields


You had 8 spell levels left.
You didn't know any spells.

Dungeon Overview and Level Annotations

Branches:
Dungeon (7/15)             Temple (1/1) D:4

Altars:
Ashenzari
Cheibriados
Dithmenos
Elyvilon
Fedhas
Gozag
Kikubaaqudgha
Makhleb
Nemelex Xobeh
Qazlal
Ru
Sif Muna
Trog
Xom
Yredelemnul
Zin
The Shining One

Shops:
D:7 [*

Annotations:
D:7 Glider's ghost, novice TrMo


Innate Abilities, Weirdness & Mutations

You reflexively headbutt those who attack you in melee.
You have a pair of horns on your head.


Message History

* * * LOW HITPOINT WARNING * * *
Drink which item? (? for menu, Esc to quit)
A red film seems to cover your vision as you go berserk!
You feel yourself moving faster!
You feel mighty! You block Glider's ghost's attack.
You closely miss Glider's ghost. You headbutt Glider's ghost!
Glider's ghost is moderately damaged.
You slash Glider's ghost! Your headbutt misses Glider's ghost.
Glider's ghost is moderately damaged.
Glider's ghost whispers, "Death is liberation."
Glider's ghost hits you.
* * * LOW HITPOINT WARNING * * *
You writhe in agony.
* * * LOW HITPOINT WARNING * * *
You slash Glider's ghost! You headbutt Glider's ghost.
Glider's ghost is heavily damaged.
You closely miss Glider's ghost.
Glider's ghost is heavily damaged.
Glider's ghost hits you!
You die...

..##**,,*,,,,,,,,,,,**,,,,,,,*
....,,,,*,,,,,,,,,,,**,,*,**,*
..#***,,*...*,,,,,,,**,,*,**,*
### *,,*...*,,,,,>,**,,*,,*,*
*,,*#(#,,,,,,,,**,,**,*,*
*,,,.∩.,,********,,,,,,,*
***##.#*** **,,,,,,*
##..########## ****,***
##...##..W@...#*****,*
####.....#.####......>,,*
####..........†..#,.####****
....)##.....#)##.W..#
####)###...##.#*###.#
..)....##.###.#****,#
####.#.##.# #..,,<,,*
###.......# ####*****
..).......#


You could see Glider's ghost.

Vanquished Creatures
  Eustachio (D:5)
  Duvessa (D:4)
  2 ogres
  A centaur (D:7)
  A sky beast (D:6)
  2 giant frogs
  Dowan (D:4)
  A water moccasin skeleton (D:4)
  6 killer bees (D:7)
  A quasit (D:5)
  A giant frog zombie (D:5)
  3 crimson imps
  7 worker ants
  6 orc priests
  3 orc wizards
  An iguana (D:4)
  2 hounds
  Natasha (twice) (D:3)
  A hound zombie (D:7)
  A hound skeleton (D:6)
  Robin (D:2)
  7 adders
  A shadow imp (D:5)
  7 worms
  9 giant geckos
  23 orcs
  3 bats (D:1)
  8 giant cockroaches
  13 goblins
  9 hobgoblins
  14 jackals
  13 kobolds
  3 quokkas
  4 ball pythons
  A giant gecko zombie (D:6)
  12 giant newts
  A quokka zombie (D:5)
  6 rats
  5 plants (Sewer)
184 creatures vanquished.

Vanquished Creatures (others)
  A plant (Sewer)
1 creature vanquished.

Grand Total: 185 creatures vanquished

Notes
Turn   | Place    | Note
--------------------------------------------------------------
     0 | D:1      | PossumBlood the Minotaur Fighter began the quest for the Orb.
     0 | D:1      | Reached XP level 1. HP: 19/19 MP: 0/0
   129 | D:1      | Reached XP level 2. HP: 26/26 MP: 1/1
   537 | D:2      | Reached skill level 4 in Axes
   594 | D:2      | Reached XP level 3. HP: 25/31 MP: 2/2
   605 | D:2      | Noticed Robin
   618 | D:2      | Killed Robin
   862 | D:2      | Found a bloodstained altar of Trog.
   900 | D:2      | Reached skill level 5 in Axes
  1246 | D:2      | Reached XP level 4. HP: 23/39 MP: 3/3
  1655 | D:3      | Found a glowing drain.
  1669 | D:3      | Noticed Natasha
  1676 | D:3      | Killed Natasha
  1687 | Sewer    | Entered a sewer
  1728 | Sewer    | Reached skill level 6 in Axes
  1864 | Sewer    | Reached XP level 5. HP: 45/45 MP: 4/4
  2445 | D:3      | Reached skill level 7 in Axes
  2452 | D:3      | HP: 1/45 [something/magic dart (6)]
  3048 | D:3      | Found a glowing silver altar of Zin.
  3142 | D:3      | Reached XP level 6. HP: 51/51 MP: 5/5
  3242 | D:3      | Noticed Natasha
  3252 | D:3      | Killed Natasha
  3329 | D:4      | Found a stormy altar of Qazlal.
  3331 | D:4      | Noticed a fire elemental
  3332 | D:4      | Noticed a water elemental
  3332 | D:4      | Noticed an air elemental
  3372 | D:4      | Found a staircase to the Ecumenical Temple.
  3383 | D:4      | Noticed Dowan
  3384 | D:4      | Noticed Duvessa
  3385 | Temple   | Entered the Ecumenical Temple
  3472 | D:4      | Killed Duvessa
  3472 | D:4      | Reached skill level 8 in Axes
  3488 | D:4      | Killed Dowan
  3667 | D:4      | Reached skill level 9 in Axes
  3720 | D:4      | Reached XP level 7. HP: 12/57 MP: 6/6
  4176 | D:4      | Reached skill level 10 in Axes
  4231 | D:5      | Entered Level 5 of the Dungeon
  4298 | D:5      | Found a sacrificial altar of Ru.
  4542 | D:5      | Reached skill level 11 in Axes
  4577 | D:5      | Reached XP level 8. HP: 35/64 MP: 7/7
  4837 | D:5      | Noticed Eustachio
  4862 | D:5      | Killed Eustachio
  5388 | D:5      | Found a burning altar of Makhleb.
  5695 | D:6      | Reached skill level 12 in Axes
  6355 | D:7      | Found Ynaum's Armour Emporium.
  6681 | D:7      | Found Poude's General Store.
  6699 | D:7      | Reached skill level 13 in Axes
  6724 | D:7      | Noticed Glider's ghost (novice TrMo)
  6734 | D:7      | Reached XP level 9. HP: 26/70 MP: 8/8
  6796 | D:7      | HP: 5/105 [Glider's ghost (4)]
  6798 | D:7      | Slain by Glider's ghost

Action                   |  1- 3 |  4- 6 |  7- 9 || total
-------------------------+-------+-------+-------++-------
Melee: War axe           |   107 |   234 |    10 ||   351
       Hand axe          |       |    78 |   203 ||   281
  Use: Potion            |     1 |     3 |     5 ||     9
       Scroll            |       |    14 |     5 ||    19
  Eat: Beef jerky        |     1 |     2 |       ||     3
       Bread ration      |       |     2 |     1 ||     3
       Fruit             |       |       |     2 ||     2
       Pizza             |       |       |     1 ||     1
